AoeStats
← dashuaibi

Pilgrims

509849956Analyzed
4v4 RM · 3d ago on Sep 28, 2026· 50m 3s· 8 players
Game mode
Random Map
Map size
Large (8 player)
Population
200
Speed
Normal
Resources
Standard
Victory
Conquest
Starting age
Dark Age
Ending age
Imperial Age
RankedLock teamsTeams togetherTeam positionsShared explorationLock speedFull tech treeHidden civsTurbo modeCheats
Victory
Defeat
🇦🇺 Maya · Australia
1464
+13
🇨🇳 Mongols · China
1360
+18
🇭🇰 Chinese · Hong Kong SAR China
1328
+19
🇨🇳 Goths · China
1310
+21
🇹🇼 Japanese · Taiwan
1427
-19
🇨🇳 Persians · China
1400
-18
🇩🇪 Vietnamese · Germany
1394
-17
🇦🇷 Turks · Argentina
1374
-17
Kawa
11:26 Feudal Age
10:20 Loom
12:59 Double-Bit Axe
15:26 Castle Age
13:32 Town Watch
13:51 Fletching
14:11 Fishing Lines
15:39 Gold Mining
16:20 Medium Warships
16:06 Bodkin Arrow
18:25 Gillnets
18:43 Stone Mining
18:41 Horse Collar
22:13 Ballistics
23:09 Wheelbarrow
22:51 Padded Archer Armor
24:55 Leather Archer Armor
28:14 Imperial Age
26:26 Heavy Plow
26:38 Bow Saw
27:11 Careening
27:15 Clinker Construction
27:16 Careening
29:04 Hand Cart
29:31 Heavy Warships
30:32 Chemistry
33:16 Paper Money
34:26 Crop Rotation
34:57 Two-Man Saw
34:51 Bracer
38:55 Elite Rattan Archer
40:21 Siege Engineers
42:19 Leather Archer Armor
43:39 Ring Archer Armor
46:48 Caravan
felixaleman1010
10:29 Loom
13:19 Feudal Age
16:20 Gold Mining
23:37 Castle Age
22:09 Scale Barding Armor
22:14 Forging
22:08 Padded Archer Armor
22:21 Double-Bit Axe
22:19 Horse Collar
24:32 Bloodlines
24:42 Husbandry
26:49 Iron Casting
32:12 Chain Barding Armor
37:18 Imperial Age
37:25 Wheelbarrow
42:49 Leather Archer Armor
45:24 Plate Barding Armor
45:49 Blast Furnace
飛衫走奶
8:58 Loom
10:44 Feudal Age
11:45 Double-Bit Axe
13:18 Wheelbarrow
12:35 Fletching
17:25 Castle Age
18:16 Medium Warships
18:18 Bow Saw
17:49 Horse Collar
18:56 Heavy Plow
24:01 Demolition Ship
25:49 Bodkin Arrow
26:15 Hand Cart
32:09 Yasama
35:17 Imperial Age
33:36 Forging
33:27 Scale Mail Armor
33:12 Treadmill Crane
33:53 Ballistics
33:24 Guard Tower
33:32 Murder Holes
35:21 Iron Casting
34:47 Padded Archer Armor
34:28 Pikeman
36:05 Bracer
36:22 Leather Archer Armor
37:10 Chemistry
36:53 Heavy Warships
36:12 Man-at-Arms
36:38 Gambesons
36:54 Squires
36:40 Arson
38:30 Blast Furnace
37:46 Chain Mail Armor
36:54 Long Swordsman
38:56 Two-Man Saw
38:46 Kataparuto
38:48 Conscription
39:06 Ring Archer Armor
39:10 Plate Mail Armor
41:12 Conscription
40:33 Two-Handed Swordsman
40:35 Halberdier
42:18 Champion
42:25 Champion
48:29 Keep
47:41 Arrowslits
48:03 Siege Engineers
长相犯罪
6:36 Loom
12:06 Feudal Age
12:31 Fishing Lines
13:24 Double-Bit Axe
13:40 Gold Mining
15:05 Fletching
15:16 Padded Archer Armor
19:39 Castle Age
19:16 Wheelbarrow
20:40 Gold Shaft Mining
20:16 Bow Saw
20:18 Medium Warships
19:59 Gillnets
20:50 Bodkin Arrow
23:04 Leather Archer Armor
22:56 Stone Mining
23:44 Careening
25:10 Horse Collar
27:52 Hand Cart
27:22 Town Watch
27:19 Demolition Ship
32:24 Imperial Age
33:05 Forging
33:01 Scale Barding Armor
33:26 Ring Archer Armor
34:04 Two-Man Saw
33:06 Heavy Plow
33:14 Cavalier
34:42 Husbandry
34:52 Bloodlines
35:18 Iron Casting
35:04 Chain Barding Armor
34:47 Savar
42:47 Guilds
dashuaibi
5:47 Loom
12:01 Feudal Age
13:06 Fishing Lines
13:41 Double-Bit Axe
16:30 Castle Age
18:08 Bow Saw
17:56 Gillnets
19:56 Wheelbarrow
19:38 Clinker Construction
19:46 Clinker Construction
19:34 Horse Collar
19:57 Stone Mining
19:57 Gold Mining
20:38 Heavy Plow
21:22 Stone Shaft Mining
21:52 Gold Shaft Mining
22:02 Loom
26:30 Imperial Age
25:02 Ballistics
26:10 Fletching
26:20 Padded Archer Armor
26:26 Scale Barding Armor
26:36 Thumb Ring
27:50 Hand Cart
27:20 Town Watch
27:34 Bodkin Arrow
27:54 Leather Archer Armor
28:24 Bloodlines
30:13 Chemistry
29:49 Conscription
29:55 Bracer
30:17 Husbandry
31:40 Chain Barding Armor
32:53 Parthian Tactics
34:56 Elite Mangudai
41:08 Drill
42:42 Siege Engineers
42:47 Masonry
42:48 Fortified Wall
43:22 Capped Ram
45:17 Hoardings
44:27 Siege Ram
45:27 Onager
Phenytoin
3:52 Loom
9:41 Feudal Age
10:43 Double-Bit Axe
19:52 Castle Age
17:58 Fletching
18:59 Gold Mining
18:57 Horse Collar
19:34 Fishing Lines
20:30 Bodkin Arrow
20:48 Medium Warships
21:08 Bow Saw
24:50 Clinker Construction
24:51 Careening
25:12 Careening
27:01 Ballistics
28:02 Gillnets
30:14 Stone Mining
31:52 Wheelbarrow
35:43 Stone Mining
40:34 Hand Cart
43:00 Imperial Age
41:04 Scale Mail Armor
41:05 Padded Archer Armor
42:07 Treadmill Crane
42:40 Forging
42:31 Scale Mail Armor
42:31 Padded Archer Armor
41:57 Pikeman
42:37 Squires
42:23 Arson
44:00 Iron Casting
43:05 Halberdier
44:25 Iron Casting
44:51 Chain Mail Armor
44:40 Padded Archer Armor
45:03 Heavy Plow
46:04 Two-Man Saw
46:26 Chemistry
45:11 Elite Skirmisher
45:53 Bracer
46:47 Stone Shaft Mining
47:56 Leather Archer Armor
48:42 Blast Furnace
48:55 Hul'che Javelineers
49:16 Conscription
49:52 Ring Archer Armor
50:01 Plate Mail Armor
50:48 Crop Rotation
50:05 Town Watch
FakerMarTin
9:15 Loom
11:01 Feudal Age
11:38 Double-Bit Axe
11:34 Fishing Lines
17:04 Castle Age
16:54 Scale Mail Armor
17:04 Forging
17:12 Horse Collar
18:21 Bow Saw
18:58 Wheelbarrow
18:55 Chain Mail Armor
19:15 Iron Casting
18:42 Gillnets
19:44 Iron Casting
21:18 Gold Mining
22:43 Stone Mining
24:22 Stone Shaft Mining
24:10 Heavy Plow
27:34 Hand Cart
31:05 Imperial Age
30:13 Anarchy
31:20 Squires
30:57 Pikeman
32:08 Conscription
32:52 Perfusion
34:10 Blast Furnace
33:47 Crop Rotation
34:19 Two-Man Saw
34:36 Elite Huskarl
38:16 Halberdier
40:50 Chemistry
40:11 Ballistics
39:42 Fletching
42:59 Man-at-Arms
43:42 Long Swordsman
44:16 Two-Handed Swordsman
44:33 Champion
47:26 Treadmill Crane
50232516
4:45 Loom
11:43 Feudal Age
14:45 Wheelbarrow
18:26 Castle Age
17:25 Fletching
18:27 Double-Bit Axe
20:17 Town Watch
20:45 Bodkin Arrow
20:51 Padded Archer Armor
21:48 Bow Saw
28:26 Hand Cart
34:48 Imperial Age
32:03 Horse Collar
36:00 Conscription
36:03 Bracer
37:13 Squires
36:59 Arson
38:36 Leather Archer Armor
38:23 Heavy Plow
39:33 Chemistry
40:28 Ring Archer Armor
40:20 Ballistics
44:37 Elite Chu Ko Nu
47:17 Forging
47:13 Scale Barding Armor
48:07 Bloodlines
47:58 Husbandry
47:40 Light Cavalry
49:27 Two-Man Saw
50:00 Iron Casting
49:45 Chain Barding Armor
Connection lost

Rejoining the realm…

Still unreachable

The connection could not be restored.

Session expired

The server has moved on; the page needs a fresh start.